 Dungeon Crawl Stone Soup version 0.28.0 (webtiles) character file.

Game seed: 9230839191515013832

263 ReploidZero the Magician (level 6, 0/40 HPs)
             Began as a Djinni Conjurer on Feb 5, 2022.
             Slain by a +1 rapier of flaming (4 damage)
             ... created by the rancor of the Wu Jian Council
             ... on level 3 of the Dungeon.
             The game lasted 00:08:20 (2353 turns).

ReploidZero the Magician (Djinni Conjurer)          Turns: 2353, Time: 00:08:20

Health: 0/40       AC: -6    Str:  6    XL:     6   Next: 42%
Gold:   48         EV: 12    Int: 21    God:
                   SH:  0    Dex: 12

rFire   + + .      SeeInvis .   g - +0 whip (venom)
rCold   x . .      Faith    .   (no shield)
rNeg    . . .      Spirit   .   a - +0 robe
rPois   ∞          Reflect  .   (no helmet)
rElec   .          Harm     .   (no cloak)
rCorr   .          Rampage  .   (no gloves)
Will    .....                   (boots unavailable)
Stlth   ++........              (no amulet)
HPRegen 0.13/turn               (no ring)
MPRegen 0.00/turn               (no ring)

@: corroded, flying
A: sickness immunity, fire resistance 2, cold vulnerability 1, float, innate
caster, HP casting, extra vitality 1
a: no special abilities


You were on level 3 of the Dungeon.
You visited 1 branch of the dungeon, and saw 3 of its levels.

You collected 48 gold pieces.

Inventory:

Hand Weapons
 g - a +0 whip of venom (weapon)
Armour
 a - a +0 robe (worn)
Scrolls
 d - a scroll of enchant armour
 e - a scroll of immolation {unknown}
 h - 2 scrolls of identify
 i - a scroll of fog {unknown}
 j - a scroll of summoning {unknown}
Potions
 b - a potion of lignification {unknown}
 c - a potion of flight {unknown}
 f - a potion of haste {unknown}


   Skills:
 - Level 2.1 Dodging
 - Level 1.5 Stealth
 + Level 5.7 Spellcasting


You couldn't memorise any spells.
You knew the following spells:

 Your Spells              Type           Power      Damage    Failure   Level
a - Magic Dart            Conj           100%       1d8       1%          1
b - Searing Ray           Conj           58%        2d6       1%          2
c - Dazzling Flash        Conj/Hex       58%        N/A       3%          3
d - Fulminant Prism       Conj/Hex       14%        3d9       10%         4
e - Iskenderun's Mystic   Conj/Tloc      29%        2d7       10%         4
f - Pain                  Necr           100%       1d9       1%          1
g - Static Discharge      Conj/Air       29%        N/A       1%          2
Your spell library was empty.

Dungeon Overview and Level Annotations

Branches:
Dungeon (3/15)

Altars:
Wu Jian

Shops:
D:1 [   D:2 *


Innate Abilities, Weirdness & Mutations

You are immune to sickness and miasma.
You are immune to poison.
Your flesh is very heat resistant. (rF++)
You are vulnerable to cold. (rC-)
You float through the air rather than walking.
You learn spells naturally, not from books.
Your magical power is your life essence.
You have superior vitality. (+4 MHP)


Message History

Your Spellcasting skill increases to level 5!
You have reached level 5!
The power to cast Static Discharge wells up from within.
Spell assigned to 'g'.
You have reached level 6!
Unknown command.
You now have 48 gold pieces (gained 16).
A frilled lizard comes into view.
A frilled lizard is nearby!
A frilled lizard is nearby!
A frilled lizard is nearby!
Aiming: Magic Dart (safe; 1% risk of failure)
Press: ? - help, Q - select action, (/) - cycle Shift-Dir - straight line, f - frilled lizard
Aim: a frilled lizard (wandering, hasn't noticed you, 100% to hit)
The magic dart hits the frilled lizard.
You kill the frilled lizard!
Unknown command.
Aiming: Magic Dart (safe; 1% risk of failure)
Press: ? - help, Q - select action, (/) - cycle Shift-Dir - straight line, f - you That beam is likely to hit you.
Continue anyway?
Okay, then.
Unknown command.
Sifu Xiang Ba says: Suffer, mortal!
The rancor of the Wu Jian Council corrodes you!
The divine experience confuses you!
You are confused.
A +1 rapier of flaming, a +4 dire flail of electrocution, a +0 broad axe of freezing and a +0 vorpal broad axe come into view.
There are monsters nearby!
There are monsters nearby!
You're too confused to move!
Unknown command.
You're too confused to move!
The +1 rapier of flaming closely misses you.
You hit the +4 dire flail of electrocution but do no damage.
The +1 rapier of flaming barely misses you.
The +4 dire flail of electrocution hits you!!
* * * LOW HITPOINT WARNING * * *
Found a stone staircase leading down.
You feel less confused. The +1 rapier of flaming hits you.
You die...

## .. #. ...... #.
....(. ###. ....# ..>
.... .#.###.#### ..#
# ........((####..#
.#
##.###.@#.(.....#..##
........(............
##.##########..†##...
#.### #.# #.# #.# #.#
#.#


You could see 3 dancing weapons.

Vanquished Creatures
  Grinder (D:3)
  4 dancing weapons (D:1)
  2 adders
  A gnoll (D:1)
  3 dart slugs (D:1)
  3 endoplasms
  2 giant cockroaches
  7 hobgoblins
  3 kobolds (D:1)
  A quokka (D:1)
  5 ball pythons (D:1)
  2 frilled lizards
  3 goblins (D:1)
  2 rats
39 creatures vanquished.

Notes
Turn   | Place    | Note
-------+----------+-------------------------------------------
     0 | D:1      | ReploidZero the Djinni Conjurer began the quest for the
                  | Orb.
     0 | D:1      | Reached XP level 1. HP: 15/15 MP: 0/0
    14 | D:1      | You are sucked into a shaft and drop 1 floor!
   182 | D:2      | Found a faded altar of an unknown god.
   241 | D:2      | Reached XP level 2. HP: 16/21 MP: 0/0
   295 | D:2      | Prayed at the altar of an unknown god.
   295 | D:2      | Became a worshipper of the Wu Jian Council
   295 | D:2      | Reached * piety under Wu Jian
   296 | D:2      | Fell from the grace of Wu Jian
   451 | D:1      | Found Ocumaum's Antique Armour Shoppe.
   488 | D:1      | Reached XP level 3. HP: 24/25 MP: 0/0
   488 | D:1      | Learned a level 1 spell: Pain
   643 | D:1      | Reached skill level 4 in Spellcasting
  1069 | D:1      | Noticed a +1 glaive of electrocution
  1069 | D:1      | Noticed a +2 vorpal broad axe
  1069 | D:1      | Noticed a +2 dire flail of flaming
  1069 | D:1      | Noticed a +2 quarterstaff of freezing
  1279 | D:2      | Reached XP level 4. HP: 30/31 MP: 0/0
  1316 | D:2      | Found Cieng's Assorted Antiques.
  1968 | D:1      | Killed a +2 quarterstaff of freezing
  1973 | D:1      | Killed a +2 dire flail of flaming
  2021 | D:1      | Killed a +1 glaive of electrocution
  2209 | D:1      | Killed a +2 vorpal broad axe
  2308 | D:3      | Noticed Grinder
  2324 | D:3      | Killed Grinder
  2325 | D:3      | Reached skill level 5 in Spellcasting
  2325 | D:3      | Reached XP level 5. HP: 16/35 MP: 0/0
  2325 | D:3      | Learned a level 2 spell: Static Discharge
  2325 | D:3      | Reached XP level 6. HP: 19/40 MP: 0/0
  2347 | D:3      | Noticed a +1 rapier of flaming
  2347 | D:3      | Noticed a +4 dire flail of electrocution
  2347 | D:3      | Noticed a +0 broad axe of freezing
  2347 | D:3      | Noticed a +0 vorpal broad axe
  2353 | D:3      | Slain by a +1 rapier of flaming

Illustrated notes

Levels and vault maps discovered:
D:1:      doesnt_arrival_eight_statues, layout_basic, serial_shops,
          nicolae_shop_overgrown_old_shop
D:2:      layout_basic, serial_shops, nicolae_shop_overgrown_old_shop,
          nicolae_ecumenical_pavilion
D:3:      layout_loops_ring, uniq_grinder

Skill      XL: |  1  2  3  4 |
---------------+-------------+-----
Spellcasting   | 4 5 |  5.7
Dodging        | |  2.1
Stealth        | |  1.5

Action                   |  1- 3 |  4- 6 || total
-------------------------+-------+-------++-------
Melee: Whip              |     3 |    20 ||    23
       Punch             |     1 |     1 ||     2
 Cast: Magic Dart        |    45 |    16 ||    61
       Searing Ray       |       |     4 ||     4
       Iskenderun's Myst |       |     1 ||     1
Invok: Renounce Religion |     1 |       ||     1
  Use: Scroll            |     1 |       ||     1
 Stab: Sleeping          |       |     2 ||     2
Armor: Robe              |     1 |     3 ||     4
Dodge: Dodged            |     5 |    13 ||    18
